 Dungeon Crawl Stone Soup version 0.30.0-17-ge0270778cf (webtiles) character file.

Game seed: 7648493879841370901

912 MacCMillion the Ruffian (level 7, 0/71 HPs)
             Began as a Troll Fighter on May 22, 2023.
             Slain by a kobold brigand
             ... wielding a +0 whip
              (4 damage)
             ... in a sewer.
             The game lasted 00:07:25 (3245 turns).

MacCMillion the Ruffian (Troll Fighter)             Turns: 3245, Time: 00:07:25

Health: 0/71       AC:  4    Str: 27    XL:     7   Next: 82%
Magic:  6/6        EV:  9    Int:  4    God:
Gold:   183        SH:  8    Dex:  9    Spells: 6/6 levels left

rFire   . .          .
                       - Unarmed
rCold   . . .        b - +0 kite shield
rNeg    . . .        a - +0 robe
rPois   .            (helmet restricted)
rElec   .            (no cloak)
rCorr   .            (gloves unavailable)
SInv    .            (boots unavailable)
Will    .....        (no amulet)
Stlth   +            (no ring)
HPRegen 1.11/turn    (no ring)
MPRegen 0.10/turn

%: no passive effects
@: mighty, slowed, very slow
A: large, unfitting armour, claws 3, regeneration 1, shaggy fur 1, tough skin 1
a: no special abilities


You were in a sewer.
You visited 1 branch of the dungeon, and saw 5 of its levels.
You also visited: Sewer.

You collected 183 gold pieces.

Inventory:

Missiles
 t - 5 boomerangs (quivered)
Armour
 a - a +0 robe (worn)
 b - a +0 kite shield (worn)
Jewellery
 p - a ring of fire
Scrolls
 e - 2 scrolls of fear {unknown}
 f - 3 scrolls of teleportation {unknown}
 g - 2 scrolls of poison {unknown}
 h - a scroll of noise {unknown}
 i - a scroll of identify
 j - a scroll of blinking {unknown}
 k - a scroll of summoning {unknown}
 m - a scroll of fog {unknown}
 n - a scroll of magic mapping {unknown}
 u - a scroll of vulnerability {unknown}
 v - a scroll of enchant armour {unknown}
Potions
 c - a potion of might
 d - 3 potions of ambrosia
 l - 2 potions of flight
 o - 3 potions of resistance
 q - 3 potions of mutation
 s - a potion of attraction
 w - a potion of magic {unknown}


   Skills:
 + Level 4.4 Fighting
 - Level 2.4 Dodging
 + Level 4.8 Shields
 * Level 6.6 Unarmed Combat


You had 6 spell levels left.
You didn't know any spells.
Your spell library contained the following spells:

 Spells                   Type           Power      Damage    Failure   Level
 Ensorcelled Hibernation  Hex/Ice        0%         N/A       86%         2
 Passwall                 Tmut/Erth      0%         N/A       86%         2
 Swiftness                Air            0%         N/A       97%         3


Dungeon Overview and Level Annotations

Branches:
Dungeon (5/15)              Sewer (1/1)
 Temple: D:4-7

Altars:

Annotations:
D:2 Robin
D:4 Edmund


Innate Abilities, Weirdness & Mutations

You are too large for most types of armour.
You have claws for hands.
Your natural rate of healing is unusually fast.
You are covered in fur. (AC +1)
You have tough skin. (AC +1)


Message History

* * * LOW HITPOINT WARNING * * *
The kobold brigand hits you with a +0 club.
* * * LOW HITPOINT WARNING * * *
Unknown command.
You feel better. You block the kobold's attack.
The kobold brigand hits you with a +0 whip.
* * * LOW HITPOINT WARNING * * *
The kobold brigand hits you with a +0 club.
* * * LOW HITPOINT WARNING * * *
You closely miss the kobold brigand.
The kobold brigand is moderately wounded.
The kobold barely misses you.
The kobold brigand hits you with a +0 whip.
* * * LOW HITPOINT WARNING * * *
The kobold brigand hits you with a +0 club.
* * * LOW HITPOINT WARNING * * *
You block the kobold's attack.
The kobold brigand hits you with a +0 whip.
* * * LOW HITPOINT WARNING * * *
The kobold brigand hits you with a +0 club.
* * * LOW HITPOINT WARNING * * *
Unknown command.
You feel very mighty all of a sudden.
The kobold hits you with a +0 short sword.
* * * LOW HITPOINT WARNING * * *
The kobold brigand barely misses you.
The kobold brigand hits you but does no damage.
You barely miss the kobold brigand.
The kobold brigand is lightly wounded.
The kobold closely misses you.
The kobold brigand hits you with a +0 whip.
* * * LOW HITPOINT WARNING * * *
You block the kobold brigand's attack. You block the kobold's attack.
The kobold brigand hits you but does no damage.
You block the kobold brigand's attack.
You claw the kobold brigand!
The kobold brigand is almost dead.
The kobold closely misses you.
The kobold brigand hits you with a +0 whip.
You die...

~≈≈≈≈≈≈≈≈≈≈≈≈≈≈≈≈≈≈≈ #
~~~≈≈≈≈≈≈≈≈≈≈≈≈≈≈≈≈≈≈
..≈~≈≈~≈≈~≈≈≈≈≈≈≈≈≈≈≈
..~~~.~## ≈~≈≈≈≈≈≈≈≈
........####.~~≈≈≈≈
..##.....##...~~≈# # #
.###.............# .#.!#
..###...........K#....!#
...†...####.....@KK...#
#..†..## ###...K#K...!#
####### ###### .#.?# # #


You could see 2 kobold brigands and 3 kobolds.

Vanquished Creatures
  2 ogres
  A kobold brigand (Sewer)
  A bullfrog (D:3)
  A scorpion (D:4)
  3 hounds
  An orc priest (D:3)
  Jessica (D:2)
  2 iguanas
  Natasha (D:4)
  2 orc wizards (D:4)
  8 adders
  4 gnolls (D:2)
  3 river rats (Sewer)
  2 ufetubi
  A dart slug (D:3)
  2 worms (D:3)
  11 orcs
  6 endoplasms
  5 giant cockroaches
  13 goblins
  7 hobgoblins
  A quokka (D:2)
  15 ball pythons
  5 frilled lizards
  14 kobolds
  28 rats
140 creatures vanquished.

Notes
Turn   | Place    | Note
-------+----------+-------------------------------------------
     0 | D:1      | MacCMillion the Troll Fighter began the quest for the Orb.
     0 | D:1      | Reached XP level 1. HP: 22/22 MP: 0/0
   124 | D:1      | Reached XP level 2. HP: 29/29 MP: 1/1
   527 | D:2      | Noticed Jessica
   535 | D:2      | Killed Jessica
   536 | D:2      | Reached skill level 3 in Unarmed Combat
   536 | D:2      | Reached XP level 3. HP: 36/36 MP: 2/2
   579 | D:2      | Reached XP level 4. HP: 20/44 MP: 3/3
   805 | D:2      | Noticed Robin
  1566 | D:3      | Noticed a bullfrog
  1572 | D:3      | Killed a bullfrog
  1573 | D:3      | Reached skill level 4 in Unarmed Combat
  1573 | D:3      | Reached XP level 5. HP: 53/53 MP: 4/4
  1830 | D:3      | Reached XP level 6. HP: 52/61 MP: 5/5
  2008 | D:4      | Noticed Natasha
  2024 | D:4      | Killed Natasha
  2025 | D:4      | Reached skill level 5 in Unarmed Combat
  2306 | D:4      | Noticed Edmund
  2428 | D:4      | Reached XP level 7. HP: 68/68 MP: 6/6
  2650 | D:5      | Entered Level 5 of the Dungeon
  2704 | D:5      | Reached skill level 6 in Unarmed Combat
  2779 | D:5      | Found a glowing drain.
  2817 | Sewer    | Entered a sewer
  3244 | Sewer    | HP: 2/71 [kobold brigand/+0 whip (6)]
  3245 | Sewer    | Slain by a kobold brigand

Illustrated notes

Levels and vault maps discovered:
D:1:      dpeg_arrival_orchard, layout_basic, serial_rivers,
          chequers_serial_rivers_micro_c, chequers_serial_rivers_small_b,
          chequers_serial_rivers_micro_c, chequers_serial_rivers_large_a,
          chequers_serial_rivers_micro_a
D:2:      layout_loops_corners, dreamdust_mushroom_princess,
          nicolae_kite_square_tiling_tiny, hex_medium, uniq_jessica, uniq_robin
D:3:      layout_basic
D:4:      layout_rooms, uniq_natasha, uniq_edmund
D:5:      layout_loops_ring, gup_sewer_entry_glass,
          chequers_serial_rivers_micro_c
Sewer:    sewer_minmay_treatment

Skill      XL: |  1  2  3  4  5  6  7 |
---------------+----------------------+-----
Shields        | 3 4 |  4.8
Unarmed Combat | 3 4 5 6 |  6.6
Fighting       | 3 4 |  4.4
Dodging        | |  2.4

Action                     |  1- 3 |  4- 6 |  7- 9 || total
---------------------------+-------+-------+-------++-------
  Melee: Unarmed           |    49 |   173 |   140 ||   362
    Use: Scroll            |       |       |     6 ||     6
         Potion            |       |       |     2 ||     2
 Armour: Robe              |    12 |    38 |    44 ||    94
  Dodge: Dodged            |    13 |    76 |    66 ||   155
  Block: Kite shield       |    11 |    83 |    77 ||   171
